 Dungeon Crawl Stone Soup version 0.21.1-1-g345015f (webtiles) character file.

79 Monsterracer the Caller (level 4, -3/32 HPs)
             Began as a Gnoll Summoner on Apr 15, 2018.
             Slain by a worm (9 damage)
             ... on level 2 of the Dungeon.
             The game lasted 00:02:49 (1827 turns).

Monsterracer the Caller (Gnoll Summoner)            Turns: 1827, Time: 00:02:49

Health: -3/32      AC:  6    Str: 11    XL:     4   Next: 37%
Magic:  10/11      EV: 14    Int: 18    God:
Gold:   106        SH:  0    Dex: 15    Spells: 7/13 levels left

rFire    . . .     SeeInvis .   e - +2 dagger (venom)
rCold    . . .     Gourm    .   (no shield)
rNeg     . . .     Faith    .   l - +3 leather armour
rPois    .         Spirit   .   (no helmet)
rElec    .         Reflect  .   (no cloak)
rCorr    .         Harm     .   (no gloves)
MR       .....                  (no boots)
Stlth    ++........             (no amulet)
HPRegen  0.10/turn              (no ring)
MPRegen  0.12/turn              (no ring)

@: no status effects
A: distributed training, fangs 1, strong nose
a: no special abilities


You were on level 2 of the Dungeon.
You were not hungry.

You visited 1 branch of the dungeon, and saw 2 of its levels.

You collected 106 gold pieces.

Inventory:

Hand Weapons
 e - a +2 dagger of venom (weapon)
Armour
 h - a +0 shield
 l - a +3 leather armour (worn)
Scrolls
 a - 2 scrolls of teleportation {unknown}
 d - a scroll of blinking {unknown}
 f - a scroll of amnesia {unknown}
 g - a scroll of remove curse {unknown}
 i - 3 scrolls of identify {unknown}
 j - a scroll of random uselessness {unknown}
Potions
 k - a potion of might {unknown}
 m - a potion of flight {unknown}
Books
 b - a book of Callings

   Spells                             Type                      Level
   a - Summon Small Mammal            Summoning                    1
   b - Call Imp                       Summoning                    2
   c - Call Canine Familiar           Summoning                    3
   d - Summon Guardian Golem          Hexes/Summoning              3
   e - Summon Lightning Spire         Summoning/Air                4
   f - Summon Ice Beast               Ice/Summoning                4
Comestibles
 c - a ration
 n - a chunk of flesh


   Skills:
 + Level 1.1 Fighting
 + Level 1.1 Short Blades
 + Level 1.1 Long Blades
 + Level 1.1 Axes
 + Level 1.1 Maces & Flails
 + Level 1.1 Polearms
 + Level 1.1 Staves
 + Level 1.1 Slings
 + Level 1.1 Bows
 + Level 1.1 Crossbows
 + Level 1.1 Throwing
 + Level 1.1 Armour
 + Level 4.6 Dodging
 + Level 4.2 Stealth
 + Level 1.1 Shields
 + Level 1.1 Unarmed Combat
 + Level 5.0 Spellcasting
 + Level 0.8 Conjurations
 + Level 0.8 Hexes
 + Level 0.8 Charms
 + Level 7.1 Summonings
 + Level 0.8 Necromancy
 + Level 0.8 Translocations
 + Level 0.8 Transmutations
 + Level 0.8 Fire Magic
 + Level 0.8 Ice Magic
 + Level 0.8 Air Magic
 + Level 0.8 Earth Magic
 + Level 0.8 Poison Magic
 + Level 1.2 Invocations
 + Level 1.1 Evocations


You had 7 spell levels left.
You knew the following spells:

 Your Spells              Type           Power        Failure   Level  Hunger
a - Summon Small Mammal   Summ           ####         1%          1    None
b - Call Imp              Summ           ####....     1%          2    #......
c - Call Canine Familiar  Summ           ####....     2%          3    ##.....


Dungeon Overview and Level Annotations

Branches:
Dungeon (2/15)

Altars:


Innate Abilities, Weirdness & Mutations

Your experience applies equally to all skills.
You have very sharp teeth.
Your uncanny sense of smell can sniff out nearby items.


Message History

You closely miss the adder. You bite the adder, but do no damage.
The adder is severely wounded.
You feel sick. The adder bites you.
* * * LOW HITPOINT WARNING * * *
You are more poisoned.
The adder poisons you! The adder bites you but does no damage.
A jackal comes into view.
You take 4 damage, and have 11/32 hp.
Casting: Summon Small Mammal
Confirm with . or Enter, or press ? or * to list all spells.
A beastly little devil appears in a puff of flame.
Your crimson imp says, "You called?"
The jackal barks!
The adder misses you.
You now have 9/11 mp.
You barely miss the adder.
The adder is severely wounded.
You feel sick.
You kill the adder!
You take 1 damage, and have 10/32 hp.
You closely miss the hobgoblin. The hobgoblin barely misses you.
A rat comes into view.
You closely miss the hobgoblin.
You feel sick. The rat bites you but does no damage. The hobgoblin misses you.
You take 1 damage, and have 9/32 hp.
You hit the rat.
The rat is poisoned.
You bite the rat.
The rat is severely wounded.
You kill the rat!
The hobgoblin misses you.
You feel sick.
You see here a rat corpse.
You take 1 damage, and have 8/32 hp.
The hobgoblin barely misses your crimson imp.
Your crimson imp hits the hobgoblin.
Your crimson imp barely misses the hobgoblin.
The hobgoblin barely misses your crimson imp.
You feel sick.
Your crimson imp hits the hobgoblin.
The hobgoblin closely misses your crimson imp.
You take 1 damage, and have 8/32 hp.
Casting: Call Imp
Confirm with . or Enter, or press ? or * to list all spells.
A shadowy apparition takes form in the air.
Your crimson imp hits the hobgoblin.
The hobgoblin dies!
You now have 8/11 mp.
Your crimson imp hits the jackal.
The jackal barely misses your crimson imp.
You feel sick.
The jackal closely misses your crimson imp.
Your crimson imp hits the jackal.
The jackal bites your crimson imp.
You take 1 damage, and have 7/32 hp.
Your crimson imp hits the jackal.
The jackal misses your crimson imp.
The jackal barely misses your crimson imp.
Your crimson imp hits the jackal.
The jackal dies!
The jackal completely misses your crimson imp.
You feel sick.
The jackal barely misses your crimson imp.
The jackal closely misses your crimson imp.
You take 1 damage, and have 6/32 hp.
The jackal misses your crimson imp. The jackal bites your crimson imp.
Your crimson imp closely misses the jackal.
The jackal barely misses your crimson imp.
Your crimson imp hits the jackal.
The jackal bites your crimson imp.
You feel sick.
Your crimson imp hits the jackal.
The jackal bites your crimson imp.
You take 1 damage, and have 6/32 hp.
The jackal completely misses your crimson imp.
Your crimson imp closely misses the jackal.
The jackal closely misses your crimson imp.
Your crimson imp hits the jackal.
The jackal misses your crimson imp.
The jackal closely misses your crimson imp.
Your crimson imp blinks!
The jackal closely misses your shadow imp.
You feel sick.
You are no longer poisoned.
Your crimson imp blinks!
The jackal bites your shadow imp.
Your shadow imp closely misses the jackal.
You take 1 damage, and have 5/32 hp.
The jackal barely misses your shadow imp.
Your shadow imp barely misses the jackal.
The jackal barely misses your shadow imp. x2
Your shadow imp gestures at the jackal.
The jackal barely resists.
The jackal closely misses your shadow imp.
Your shadow imp hits the jackal.
The jackal dies!
Your crimson imp blinks!
You swap places.
The worm misses you.
You hit the worm but do no damage.
The worm is poisoned.
You barely miss the worm.
Your crimson imp disappears in a puff of smoke!
The worm misses you.
You hit the worm.
The worm looks as sick as possible!
You bite the worm, but do no damage.
The worm is moderately wounded.
The worm bites you!
You die...

?#.##... ∆ .
......#### ∆#.
.#...#..∆∆ ..
....#.#∆∆ #.#...#.#
##......# .
.######§.#....####.#
......§5##)........
.......§@w......#.#
.#########(...#....
#.((†# ### ∆ #..(<#
######


You could see a worm and a friendly shadow imp.

Vanquished Creatures
  2 adders (D:2)
  2 worms (D:2)
  A dart slug (D:1)
  4 giant cockroaches
  2 goblins (D:2)
  4 hobgoblins
  13 jackals
  5 kobolds
  4 bats (D:1)
  3 frilled lizards (D:1)
  4 rats
44 creatures vanquished.

Vanquished Creatures (collateral kills)
  A goblin (D:1)
  2 hobgoblins
  4 jackals
  A kobold (D:1)
8 creatures vanquished.

Grand Total: 52 creatures vanquished

Notes
Turn   | Place    | Note
-------+----------+-------------------------------------------
     0 | D:1      | Monsterracer the Gnoll Summoner began the quest for the Orb.
     0 | D:1      | Reached XP level 1. HP: 13/13 MP: 6/6
    22 | D:1      | HP: 6/13 [giant cockroach (1)]
   381 | D:1      | HP: 6/13 [jackal (3)]
   385 | D:1      | Reached XP level 2. HP: 5/19 MP: 3/7
   401 | D:1      | HP: 2/19 [jackal (3)]
   919 | D:1      | Reached XP level 3. HP: 25/25 MP: 9/9
   924 | D:1      | Reached skill level 5 in Spellcasting
   928 | D:1      | Learned a level 2 spell: Call Imp
   932 | D:1      | Learned a level 3 spell: Call Canine Familiar
  1428 | D:2      | Reached skill level 1 in Invocations
  1436 | D:2      | HP: 3/25 [worm (11)]
  1449 | D:2      | Reached skill level 1 in Fighting
  1449 | D:2      | Reached skill level 1 in Short Blades
  1449 | D:2      | Reached skill level 1 in Long Blades
  1449 | D:2      | Reached skill level 1 in Axes
  1449 | D:2      | Reached skill level 1 in Maces & Flails
  1449 | D:2      | Reached skill level 1 in Polearms
  1449 | D:2      | Reached skill level 1 in Staves
  1449 | D:2      | Reached skill level 1 in Slings
  1449 | D:2      | Reached skill level 1 in Bows
  1449 | D:2      | Reached skill level 1 in Crossbows
  1449 | D:2      | Reached skill level 1 in Throwing
  1449 | D:2      | Reached skill level 1 in Armour
  1449 | D:2      | Reached skill level 1 in Shields
  1449 | D:2      | Reached skill level 1 in Unarmed Combat
  1449 | D:2      | Reached skill level 1 in Evocations
  1481 | D:2      | HP: 5/26 [goblin (2)]
  1746 | D:2      | Reached XP level 4. HP: 32/32 MP: 11/11
  1787 | D:2      | HP: 16/32 [adder (2)]
  1794 | D:2      | HP: 14/32 [poisoned by an adder]
  1800 | D:2      | HP: 8/32 [poisoned by an adder]
  1806 | D:2      | HP: 7/32 [poisoned by an adder]
  1814 | D:2      | HP: 6/32 [poisoned by an adder]
  1827 | D:2      | Slain by a worm

Skill      XL: |  1  2  3 |
---------------+----------+-----
Spellcasting   | 5 |  5.0
Invocations    | 1 |  1.2
Fighting       | 1 |  1.1
Short Blades   | 1 |  1.1
Long Blades    | 1 |  1.1
Axes           | 1 |  1.1
Maces & Flails | 1 |  1.1
Polearms       | 1 |  1.1
Staves         | 1 |  1.1
Slings         | 1 |  1.1
Bows           | 1 |  1.1
Crossbows      | 1 |  1.1
Throwing       | 1 |  1.1
Armour         | 1 |  1.1
Shields        | 1 |  1.1
Unarmed Combat | 1 |  1.1
Evocations     | 1 |  1.1
Dodging        | |  4.6
Stealth        | |  4.2
Conjurations   | |  0.8
Hexes          | |  0.8
Charms         | |  0.8
Summonings     | |  7.1
Necromancy     | |  0.8
Translocations | |  0.8
Transmutations | |  0.8
Fire Magic     | |  0.8
Ice Magic      | |  0.8
Air Magic      | |  0.8
Earth Magic    | |  0.8
Poison Magic   | |  0.8

Action                   |  1- 3 |  4- 6 || total
-------------------------+-------+-------++-------
Melee: Unarmed           |    53 |       ||    53
       Bite              |     9 |     3 ||    12
       Dagger            |    81 |    32 ||   113
 Cast: Summon Small Mamm |    13 |       ||    13
       Call Imp          |       |     2 ||     2
 Stab: Sleeping          |     4 |       ||     4
       Distracted        |     1 |       ||     1
  Eat: Chunk             |     3 |       ||     3
Armor: Robe              |    15 |       ||    15
       Leather armour    |    18 |     5 ||    23
Dodge: Dodged            |   121 |    28 ||   149

Vault maps used:
D:1:      dpeg_arrival_boxes_within_box, st_stairs_1
D:2:      kennysheep_big_flooded_room, st_stairs_10, minmay_heptomino_l4
